AoeStats
← Maverick

African Clearing

510924795Analyzed
4v4 RM · 10h ago on Oct 3, 2026· 12m 7s· 8 players
Game mode
Random Map
Map size
Large (8 player)
Population
200
Speed
Normal
Resources
Standard
Victory
Conquest
Starting age
Dark Age
Ending age
Imperial Age
RankedLock teamsTeams togetherTeam positionsShared explorationLock speedFull tech treeHidden civsTurbo modeCheats
Victory
Defeat
🇨🇱 Italians · Chile
1480
+13
🇨🇱 Huns · Chile
1478
+13
🇨🇱 Byzantines · Chile
1467
+13
🇨🇱 Persians · Chile
1317
+19
🇨🇳 Wei · China
1441
-16
🇨🇱 Huns · Chile
1411
-15
🇧🇷 Mongols · Brazil
1380
-14
🇺🇸 Italians · United States
1371
-13
Maverick
5:30 Loom
CumanoBorracho92
flinT
4:38 Loom
13:42 Feudal Age
牛比无极限
Maniacvlr1
5:55 Loom
11:44 Feudal Age
joseto.lld
11:17 Loom
mnelias
12:52 Feudal Age
12:29 Loom
Luchod_95
10:08 Loom
12:49 Feudal Age
Connection lost

Rejoining the realm…

Still unreachable

The connection could not be restored.

Session expired

The server has moved on; the page needs a fresh start.